 Dungeon Crawl Stone Soup version 0.24-a0-317-g5cb8de4b22 (webtiles) character file.

Game seed: 5366419556740818379

87 Esekla the Magician (level 4, 0/27 HPs)
             Began as an Octopode Wizard on May 16, 2019.
             Slain by a jackal (2 damage)
             ... on level 3 of the Dungeon.
             The game lasted 00:13:43 (2327 turns).

Esekla the Magician (Octopode Wizard)               Turns: 2327, Time: 00:13:44

Health: 0/27       AC:  1    Str:  7    XL:     4   Next: 51%
Magic:  9/9        EV: 13    Int: 20    God:
Gold:   81         SH:  0    Dex: 10    Spells: 4/10 levels left

rFire    . . .     SeeInvis .   j - +0 long sword
rCold    . . .     Gourm    .   (no shield)
rNeg     . . .     Faith    .   a - +0 hat
rPois    .         Spirit   .   (no amulet)
rElec    .         Reflect  .   (no ring)
rCorr    .         Harm     .   (no ring)
MR       .....                  (no ring)
Stlth    +++.......             (no ring)
HPRegen  0.09/turn              (no ring)
MPRegen  0.11/turn              (no ring)
                                (no ring)
                                (no ring)

@: no status effects
A: almost no armour, stealthy swim, amphibious, 8 rings, constrict 8, camouflage
1, gelatinous body 1
a: no special abilities


You were on level 3 of the Dungeon.
You were not hungry.

You visited 1 branch of the dungeon, and saw 3 of its levels.

You collected 81 gold pieces.

Inventory:

Hand Weapons
 e - a +0 short sword
 j - a +0 long sword (weapon)
 p - a +1 dagger of freezing
Armour
 a - a +0 hat (worn)
Scrolls
 b - 3 scrolls of remove curse {unknown}
 d - a scroll of enchant armour {unknown}
 f - 3 scrolls of identify {unknown}
 l - a scroll of blinking {unknown}
 m - a scroll of enchant weapon {unknown}
 n - a scroll of noise {unknown}
 o - a scroll of magic mapping {unknown}
Potions
 g - a potion of resistance {unknown}
 h - a potion of lignification {unknown}
 i - a potion of brilliance {unknown}
 k - 2 potions of heal wounds {unknown}
 q - a potion of might {unknown}
Comestibles
 c - 2 rations


   Skills:
 * Level 0.8 Fighting
 * Level 0.5 Long Blades
 + Level 2.5 Dodging
 - Level 3.0 Stealth
 + Level 3.5 Spellcasting
 + Level 1.7 Conjurations
   Level 1.0 Summonings
 * Level 1.5 Translocations
 * Level 0.5 Air Magic
 * Level 0.7 Poison Magic


You had 4 spell levels left.
You knew the following spells:

 Your Spells              Type           Power        Failure   Level  Hunger
a - Magic Dart            Conj           ##..         7%          1    None
b - Blink                 Tloc           N/A          11%         2    ##.....
c - Mephitic Cloud        Conj/Pois/Air  #.......     26%         3    ###....

Your spell library contained the following spells:

 Spells                   Type           Power        Failure   Level  Hunger
 Call Imp                 Summ           #.......     14%         2    ##.....
 Slow                     Hex            #.......     21%         2    ##.....
 Conjure Flame            Conj/Fire      #.......     28%         3    ###....


Dungeon Overview and Level Annotations

Branches:
Dungeon (3/15)

Altars:
Ashenzari
Makhleb
Uskayaw

Annotations:
D:2 Terence


Innate Abilities, Weirdness & Mutations

You cannot wear most types of armour.
You are very stealthy in the water. (Stealth+)
You are amphibious.
You can wear up to eight rings at the same time.
You can use your tentacles to constrict eight enemies at once.
Your skin changes colour to match your surroundings (Stealth+).
Your rubbery body absorbs attacks. (AC +1, EV +1)


Message History

You constrict the orc priest. The jackal closely misses you.
The orc priest struggles to escape constriction.
The jackal barely misses you.
You barely miss the orc priest.
The orc priest is severely wounded.
You constrict the orc priest.
A jackal comes into view.
The jackal barely misses you.
The orc priest calls down the wrath of Beogh upon you.
Beogh smites you!
Ouch! That really hurt!
* * * LOW HITPOINT WARNING * * *
The jackal bites you.
* * * LOW HITPOINT WARNING * * *
The orc priest closely misses you.
You riposte.
You hit the orc priest.
You kill the orc priest!
The jackal moves out of view.
You hear a bark!
The jackal bites you.
You die...

#...
##...
#..o.#+#
#....#.#
+..o.#.#
#....#.#
#...h#.#
#..oho@#
#....#h#
#....#.#
#....#.#
#...$#.#
######.#
#.# #.#


You could see 2 orcs and 3 jackals.

Vanquished Creatures
  An orc priest (D:3)
  2 adders (D:2)
  A worm (D:2)
  A dart slug (D:2)
  2 leopard geckos (D:1)
  An orc (D:2)
  4 goblins
  2 hobgoblins (D:1)
  7 kobolds
  6 bats
  3 frilled lizards
  4 rats (D:1)
34 creatures vanquished.

Notes
Turn   | Place    | Note
-------+----------+-------------------------------------------
     0 | D:1      | Esekla the Octopode Wizard began the quest for the Orb.
     0 | D:1      | Reached XP level 1. HP: 11/11 MP: 4/4
   314 | D:1      | Reached XP level 2. HP: 17/17 MP: 6/6
   914 | D:2      | Found a hide-covered altar of Uskayaw.
   916 | D:2      | Noticed a +0 dagger
   916 | D:2      | Noticed a +0 hand axe
   988 | D:2      | Reached XP level 3. HP: 17/21 MP: 4/7
  1059 | D:2      | Learned a level 2 spell: Blink
  1063 | D:2      | Learned a level 3 spell: Mephitic Cloud
  1343 | D:2      | Noticed Terence
  1584 | D:2      | Found a shattered altar of Ashenzari.
  2035 | D:2      | Found a burning altar of Makhleb.
  2232 | D:2      | Reached XP level 4. HP: 18/27 MP: 9/9
  2327 | D:3      | Slain by a jackal

Levels and vault maps discovered:
D:1:      minmay_arrival_radiant_lines, layout_rooms
D:2:      layout_basic, dancing_weapons_uskayaw, lemuel_round_altar,
          old_standard_altar, first_ration, uniq_terence
D:3:      layout_basic, uniq_natasha, uniq_robin

Skill      XL: |  1  2  3 |
---------------+----------+-----
Stealth        | 3 |  3.0
Fighting       | |  0.8
Long Blades    | |  0.5
Dodging        | |  2.5
Spellcasting   | |  3.5
Conjurations   | |  1.7
Summonings     | |  1.0
Translocations | |  1.5
Air Magic      | |  0.5
Poison Magic   | |  0.7

Action                   |  1- 3 |  4- 6 || total
-------------------------+-------+-------++-------
Melee: Short sword       |    27 |       ||    27
       Constrict         |    14 |     1 ||    15
       Tentacles         |     6 |       ||     6
       Long sword        |    22 |     3 ||    25
 Cast: Magic Dart        |    48 |       ||    48
       Blink             |     2 |       ||     2
 Stab: Sleeping          |     6 |       ||     6
  Eat: Ration            |     1 |       ||     1
       Chunk             |     1 |       ||     1
Armor: Skin              |     3 |       ||     3
Dodge: Dodged            |    47 |     7 ||    54
       Rpst.: Long sword |     9 |     1 ||    10

Table legend:
 A = Non-vault XP
 B = Vault XP
 C = Vault XP percentage of total XP
 D = Non-vault monster count
 E = Vault monster count
 F = Vault count percentage of total count
                 A         B        C        D         E       F
            +---------+---------+-------+---------+---------+-------
      Total |     125 |       0 |   0.0 |      34 |       0 |   0.0
            +---------+---------+-------+---------+---------+-------
        D:1 |      31 |       0 |   0.0 |      19 |       0 |   0.0
        D:2 |      53 |       0 |   0.0 |      14 |       0 |   0.0
        D:3 |      41 |       0 |   0.0 |       1 |       0 |   0.0
            +---------+---------+-------+---------+---------+-------
